 Dungeon Crawl Stone Soup version 0.30-a0-187-gd9c2deaf24 (webtiles) character file.

Game seed: 12966518725003911934

480 CougarLife the Ducker (level 7, -3/46 HPs)
             Began as a Merfolk Summoner on Oct 4, 2022.
             Slain by an ice beast (7 damage)
             ... on level 5 of the Dungeon.
             The game lasted 00:09:20 (4212 turns).

CougarLife the Ducker (Merfolk Summoner)            Turns: 4212, Time: 00:09:20

Health: -3/46      AC:  3    Str:  8    XL:     7   Next: 11%
Magic:  9/11       EV: 14    Int: 16    God:
Gold:   239        SH:  0    Dex: 15    Spells: 3/12 levels left

rFire   . . .      SeeInvis .    d - +0 trident
rCold   . . .      Faith    .    (no shield)
rNeg    . . .      Spirit   .    a - +0 robe
rPois   .          Reflect  .    (no helmet)
rElec   .          Harm     .    (no cloak)
rCorr   .          Rampage  .    h - +0 pair of gloves
Will    .....                    (no boots)
Stlth   ++........               (no amulet)
HPRegen 0.27/turn                (no ring)
MPRegen 0.12/turn                (no ring)

@: no status effects
A: (nimble swimmer 2), mertail
a: no special abilities


You were on level 5 of the Dungeon.
You visited 2 branches of the dungeon, and saw 6 of its levels.

You collected 239 gold pieces.

Inventory:

Hand Weapons
 d - a +0 trident (weapon)
Armour
 a - a +0 robe (worn)
 h - a +0 pair of gloves (worn)
Scrolls
 c - 8 scrolls of identify {unknown}
 f - a scroll of magic mapping {unknown}
 g - 2 scrolls of blinking {unknown}
 l - 2 scrolls of vulnerability {unknown}
 n - a scroll of fear {unknown}
 o - a scroll of enchant armour {unknown}
 p - a scroll of butterflies {unknown}
 q - a scroll of teleportation {unknown}
 r - a scroll of silence {unknown}
 s - a scroll of torment {unknown}
Potions
 b - 2 potions of might {unknown}
 e - a potion of brilliance {unknown}
 i - 2 potions of ambrosia {unknown}
 j - a potion of curing {unknown}
 k - a potion of heal wounds {unknown}
 m - a potion of degeneration {unknown}
 t - a potion of haste {unknown}


   Skills:
 + Level 4.0 Polearms
 + Level 5.2 Dodging
 - Level 2.1 Stealth
 - Level 1.0 Unarmed Combat
 - Level 3.0 Spellcasting
 - Level 3.0 Hexes
 + Level 5.1 Summonings


You had 3 spell levels left.
You knew the following spells:

 Your Spells              Type           Power      Damage    Failure   Level
a - Summon Small Mammal   Summ           72%        N/A       2%          1
b - Call Imp              Summ           18%        N/A       3%          2
c - Call Canine Familiar  Summ           18%        N/A       7%          3
d - Summon Guardian Gole  Hex/Summ       15%        N/A       11%         3

Your spell library contained the following spells:

 Spells                   Type           Power      Damage    Failure   Level
 Summon Lightning Spire   Summ/Air       10%        N/A       54%         4
 Orb of Destruction       Conj           1%         9d5       100%        7
 Spellforged Servitor     Conj/Summ      5%         N/A       100%        7


Dungeon Overview and Level Annotations

Branches:
Dungeon (5/15)             Temple (1/1) D:4

Altars:
Ashenzari
Cheibriados
Dithmenos
Elyvilon
Fedhas
Kikubaaqudgha
Makhleb
Nemelex Xobeh
Okawaru
Qazlal
Sif Muna
Vehumet
Yredelemnul
Zin
The Shining One

Shops:
D:1 (


Innate Abilities, Weirdness & Mutations

((You are very nimble when in or above water. (Stealth+, EV+, Speed+++)))
Your lower body shifts to a powerful aquatic tail in water.


Message History

Your hound bites the ice beast but does no damage.
Your hound misses the ice beast. The ice beast hits you.
The ice beast freezes you!
You hit the ice beast.
The ice beast is lightly wounded.
Your hound closely misses the ice beast.
The ice beast closely misses you.
Your hound bites the ice beast.
You hit the ice beast but do no damage.
The ice beast is lightly wounded.
Your hound closely misses the ice beast.
The ice beast hits you but does no damage.
The orc hits you with a +0 whip.
You barely miss the orc.
Your hound barely misses the ice beast.
An ufetubus comes into view.
The ice beast closely misses you. The orc closely misses you.
Your hound barely misses the ice beast.
You hit the orc but do no damage. Your punch misses the orc.
Your hound bites the ice beast but does no damage.
The ice beast barely misses you. The orc hits you with a +0 whip.
Your hound barely misses the ice beast.
You barely miss the orc.
Your hound bites the ice beast.
The ice beast hits you. The ice beast freezes you!
The orc completely misses you.
You closely miss the orc.
Your hound bites the ice beast but does no damage.
The ice beast barely misses you. The orc hits you but does no damage.
Your hound closely misses the ice beast.
The orc completely misses you. The ice beast barely misses you.
You hit the orc.
The orc is heavily wounded.
Your hound barely misses the ice beast. x2; The ice beast hits you.
The ice beast freezes you!
* * * LOW HITPOINT WARNING * * *
The orc misses you.
You puncture the orc!
You kill the orc!
Your hound bites the ice beast.
The ice beast hits you.
* * * LOW HITPOINT WARNING * * *
The ice beast freezes you!
You die...

. ## ### ...
#.# #.# ##<#
#.h# #Y## #@#
#5#
o.......?......
.....##...###..
~... .....# ~..
.....# ..
....... .
...[....
.#......#.


You could see an ice beast (ally target), an ufetubus and a friendly hound
(summoned).

Vanquished Creatures
  A necrophage (D:4)
  A hound (D:4)
  A jelly (D:4)
  5 orcs
  4 endoplasms
  6 goblins
  4 hobgoblins
  5 jackals
  3 kobolds
  2 quokkas
  3 bats
  2 frilled lizards (D:2)
  3 rats
40 creatures vanquished.

Vanquished Creatures (collateral kills)
  A necrophage (D:3)
  A hound (D:4)
  Jessica (D:2)
  An iguana (D:4)
  Terence (D:3)
  An orc wizard (D:3)
  3 gnolls (D:2)
  4 adders
  A white imp (D:5)
  2 dart slugs (D:4)
  8 orcs
  3 ball pythons
  An endoplasm (D:1)
  2 giant cockroaches
  3 goblins
  3 hobgoblins
  10 jackals
  2 kobolds
  A quokka (D:2)
  2 frilled lizards
  5 rats
  A spectral hobgoblin (D:3)
57 creatures vanquished.

Grand Total: 97 creatures vanquished

Notes
Turn   | Place    | Note
-------+----------+-------------------------------------------
     0 | D:1      | CougarLife the Merfolk Summoner began the quest for the
                  | Orb.
     0 | D:1      | Reached XP level 1. HP: 13/13 MP: 3/3
     2 | D:1      | Noticed a vampire
     2 | D:1      | Noticed a felid
     4 | D:1      | Noticed a troll
     4 | D:1      | Noticed a tengu
     6 | D:1      | Noticed a meteoran
     6 | D:1      | Noticed an ogre
     8 | D:1      | Noticed a vine stalker
     8 | D:1      | Noticed a demonspawn
    10 | D:1      | Noticed a demigod
    10 | D:1      | Noticed an armataur
    12 | D:1      | Noticed a formicid
    12 | D:1      | Noticed a gargoyle
    14 | D:1      | Noticed a human
    14 | D:1      | Noticed a naga
    16 | D:1      | Noticed a spriggan
    18 | D:1      | Noticed a minotaur
    18 | D:1      | Noticed an octopode
    20 | D:1      | Noticed a merfolk
    22 | D:1      | Noticed a draconian
    24 | D:1      | Noticed a ghoul
    26 | D:1      | Noticed a gargoyle
    26 | D:1      | Noticed an octopode
   463 | D:1      | Reached XP level 2. HP: 19/19 MP: 5/5
   466 | D:1      | Learned a level 2 spell: Call Imp
   642 | D:1      | Found Istrieme's Weapon Shop.
  1005 | D:2      | Reached XP level 3. HP: 23/24 MP: 2/6
  1009 | D:2      | Learned a level 3 spell: Call Canine Familiar
  1242 | D:2      | Noticed Jessica
  1414 | D:2      | Reached XP level 4. HP: 18/30 MP: 1/8
  1482 | D:2      | Learned a level 3 spell: Summon Guardian Golem
  1531 | D:2      | Killed Jessica
  1532 | D:2      | Reached skill level 1 in Hexes
  1532 | D:2      | Reached skill level 5 in Summonings
  1604 | D:2      | Reached skill level 1 in Unarmed Combat
  1814 | D:2      | Reached XP level 5. HP: 35/35 MP: 9/9
  1883 | D:2      | Found a shimmering blue altar of Sif Muna.
  2167 | D:3      | Reached skill level 1 in Polearms
  2296 | D:3      | Found an ancient bone altar of Kikubaaqudgha.
  2397 | D:3      | Noticed Terence
  2465 | D:3      | Killed Terence
  2670 | D:3      | Found a faded altar of an unknown god.
  2677 | D:3      | Reached XP level 6. HP: 41/41 MP: 6/10
  3301 | D:4      | Found a staircase to the Ecumenical Temple.
  3325 | Temple   | Entered the Ecumenical Temple
  3453 | D:4      | Found a blossoming altar of Fedhas.
  3591 | D:4      | Reached skill level 5 in Dodging
  3670 | D:4      | Reached XP level 7. HP: 41/46 MP: 8/11
  4042 | D:5      | Entered Level 5 of the Dungeon
  4212 | D:5      | Slain by an ice beast

Illustrated notes

Levels and vault maps discovered:
D:1:      kb_arrival_jail, layout_loops_corners, serial_shops,
          nicolae_shop_hallway_stairs
D:2:      layout_loops_ring, basic_altar, uniq_jessica
D:3:      layout_loops_ring, nicolae_kikubaaqudgha_miasma_corner,
          dreamdust_ecumenical_altar_drowned_temple, uniq_terence
D:4:      layout_loops_cross, lemuel_doored_altar, minmay_temple_entry_hall,
          dreamdust_princess_corridor
D:5:      cheibrodos_helix_gallery, layout_loops_ring,
          mainiacjoe_overflow_brackets, serial_shops, nicolae_square_shop,
          uniq_menkaure, uniq_ijyb
Temple:   nicolae_temple_ecumenical_triangle

Skill      XL: |  1  2  3  4  5  6  7 |
---------------+----------------------+-----
Spellcasting   | 3 |  3.0
Dodging        | 3 4 5 |  5.2
Hexes          | 1 2 3 |  3.0
Summonings     | 5 |  5.1
Unarmed Combat | 1 |  1.0
Polearms       | 2 3 4 |  4.0
Stealth        | |  2.1

Action                   |  1- 3 |  4- 6 |  7- 9 || total
-------------------------+-------+-------+-------++-------
Melee: Unarmed           |    16 |       |       ||    16
       Trident           |    47 |    97 |    27 ||   171
       Punch             |       |     1 |     1 ||     2
 Cast: Summon Small Mamm |     7 |     1 |       ||     8
       Call Imp          |     4 |     2 |       ||     6
       Call Canine Famil |     6 |    27 |     4 ||    37
  Use: Potion            |       |     1 |       ||     1
 Stab: Sleeping          |     3 |     4 |     1 ||     8
       Distracted        |       |     1 |       ||     1
Armor: Robe              |    15 |    10 |     3 ||    28
Dodge: Dodged            |    50 |    64 |    21 ||   135

Table legend: (Time is in decaauts)
 A = Elapsed time spent in this place.
 B = Non-inter-level travel time spent in this place.
 C = Inter-level travel time spent in this place.
 D = Time resting spent in this place.
 E = Time spent auto-exploring this place.
 F = Levels seen in this place.
 G = Mean time per level.
                   A        B        C        D        E       F      G
               +--------+--------+--------+--------+--------+-----+--------+
         Total |   4248 |   4050 |    198 |    472 |   2436 |   6 |  708.0 |
       Dungeon |   4183 |   3994 |    189 |    472 |   2387 |   5 |  836.6 |
        Temple |     64 |     55 |      9 |      0 |     49 |   1 |   64.0 |
               +--------+--------+--------+--------+--------+-----+--------+

Top non-repeatable levels by time:
     D:2: 1217 daAuts
     D:3: 1086 daAuts
     D:1: 954 daAuts
     D:4: 881 daAuts
  Temple: 64 daAuts
     D:5: 42 daAuts
